 Dungeon Crawl Stone Soup version 0.30.1-11-g7821555f0a (webtiles) character file.

Game seed: 4577367149189705349

15 Craxx the Firebug (level 2, 0/20 HPs)
             Began as a Demigod Fire Elementalist on Dec 20, 2023.
             Killed from afar by an orc wizard (6 damage)
             ... with a magic dart
             ... on level 4 of the Dungeon.
             The game lasted 00:05:15 (596 turns).

Craxx the Firebug (Demigod Fire Elementalist)        Turns: 596, Time: 00:05:15

Health: 0/20       AC:  3    Str:  9    XL:     2   Next: 21%
Magic:  5/7        EV: 12    Int: 17    God:
Gold:   20         SH:  0    Dex: 14    Spells: 4/5 levels left

rFire   . . .        (no weapon)
rCold   . . .        (no shield)
rNeg    . . .        a - +1 robe
rPois   .            (no helmet)
rElec   .            (no cloak)
rCorr   .            (no gloves)
SInv    .            (no boots)
Will    .....        (no amulet)
Stlth   ++           (no ring)
HPRegen 0.23/turn    (no ring)
MPRegen 0.10/turn

%: no passive effects
@: about to teleport
A: high MP 1, forlorn, divine attributes
a: no special abilities


You were on level 4 of the Dungeon.
You visited 1 branch of the dungeon, and saw 4 of its levels.

You collected 20 gold pieces.

Inventory:

Armour
 a - a +1 robe (worn)
Scrolls
 c - a scroll of identify {unknown}
 d - a scroll of teleportation
 e - a scroll of enchant weapon {unknown}
 i - a scroll of brand weapon {unknown}
Potions
 b - a potion of magic
 f - a potion of resistance {unknown}
 g - a potion of curing {unknown}


   Skills:
 + Level 1.9 Dodging
 + Level 1.9 Stealth
 + Level 2.0 Spellcasting
 + Level 0.9 Conjurations
 + Level 3.0 Fire Magic


You had 4 spell levels left.
You knew the following spells:

 Your Spells              Type           Power      Damage    Failure   Level
a - Foxfire               Conj/Fire      32%        2x1d5     9%          1

Your spell library contained the following spells:

 Spells                   Type           Power      Damage    Failure   Level
 Scorch                   Fire           24%        2d6       9%          2
 Inner Flame              Hex/Fire       7%         N/A       30%         3
 Volatile Blastmotes      Fire/Tloc      14%        2d11      30%         3
 Flame Wave               Conj/Fire      8%         2d5       63%         4
 Chain Lightning          Conj/Air       1%         3d2       100%        9
 Fire Storm               Conj/Fire      4%         8d1       100%        9
 Shatter                  Erth           0%         3d5*      100%        9


Dungeon Overview and Level Annotations

Branches:
Dungeon (4/15)
 Temple: D:4-7


Innate Abilities, Weirdness & Mutations

You have an increased reservoir of magic. (+10% MP)
You shall have no god before yourself.
Your divine heritage dramatically boosts your attributes as you level up.


Message History

You barely resist. The bat closely misses you.
The adder attacks as you move away! The adder bites you.
The bat attacks as you move away! The bat hits you but does no damage.
An orc comes into view. It is wielding a +0 club.
The bat hits you but does no damage.
The orc priest casts a cantrip, but nothing happens.
The orc shouts!
Casting: Foxfire (safe; 9% risk of failure)
Confirm with . or Enter, or press ? or * to list all spells.
You conjure some foxfire!
The orc shouts! x2
The adder bites you. The bat closely misses you. The adder barely misses you.
The bat closely misses you.
An orc comes into view. It is wielding a +0 falchion.
The foxfire hits the bat.
The bat is moderately wounded.
The foxfire hits the bat.
You kill the bat!
There is a stone staircase leading down here.
The adder barely misses you. The adder bites you but does no damage.
The orc priest hits you with a +0 dagger.
The orc misses you. The orc hits you but does no damage.
You climb downwards.
There is a stone staircase leading up here.
As you read the scroll labelled UWYQAG QUROITI, it crumbles to dust.
You feel strangely unstable.
It was a scroll of teleportation.
The adder closely misses you. The orc hits you with a +0 club.
The orc priest misses you.
Found a fuming ruby potion.
The orc wizard shouts!
You hear a shout! x3
The orc wizard mumbles some strange words.
The orc wizard flickers and vanishes!
Deactivating autopickup; reactivate with Ctrl-A.
The orc hits you but does no damage. The orc hits you with a +0 club.
* * * LOW HITPOINT WARNING * * *
Found a trident.
A ball python comes into view.
A magic dart appears from out of thin air!
The magic dart hits you.
You die...

## ## ..#
.# )S.# .#
....# .#
...... ##.#
.....###..#
#{..Soo#
###@o###
#.## #.#
#.# ... ...
##!# #.#


You could see an orc priest, an adder, 2 orcs and a ball python (wandering).

Vanquished Creatures
  2 bats
  An endoplasm (D:1)
  2 giant cockroaches
  2 goblins
  A hobgoblin (D:2)
  A kobold (D:2)
  2 quokkas
  A frilled lizard (D:1)
12 creatures vanquished.

Vanquished Creatures (others)
  37 foxfires
37 creatures vanquished.

Grand Total: 49 creatures vanquished

Notes
Turn   | Place    | Note
-------+----------+-------------------------------------------
     0 | D:1      | Craxx the Demigod Fire Elementalist began the quest for the
                  | Orb.
     0 | D:1      | Reached XP level 1. HP: 14/14 MP: 5/5
   280 | D:2      | Reached skill level 3 in Fire Magic
   384 | D:2      | Reached XP level 2. HP: 20/20 MP: 2/7
   596 | D:4      | Killed from afar by an orc wizard

Illustrated notes

Levels and vault maps discovered:
D:1:      lightli_arrival_lavapool, layout_basic,
          hellmonk_ecumenical_altar_heavens_door, minmay_misc_feat_enclosed,
          hangedman_decor_growths
D:2:      layout_loops_ring
D:3:      layout_loops_cross, dk_vineyard_2
D:4:      layout_layer_cave, okawaru_metal_pillars_1_2, minmay_misc_feat_chi

Skill      XL: |  1 |
---------------+----+-----
Spellcasting   | 2 |  2.0
Fire Magic     | 3 |  3.0
Dodging        | |  1.9
Stealth        | |  1.9
Conjurations   | |  0.9

Action                     || total
---------------------------++-------
  Melee: Unarmed           ||    10
   Cast: Foxfire           ||    26
    Use: Scroll            ||     2
 Armour: Robe              ||    19
  Dodge: Dodged            ||    36
